 Dungeon Crawl Stone Soup version 0.25-a0-667-gb977e01cb5 (webtiles) character file.

Game seed: 1732468538537418333, levelgen mode: classic

5 EnegeticOcto the Firebug (level 1, -2/10 HPs)
             Began as a Tengu Fire Elementalist on Mar 27, 2020.
             Killed from afar by a dart slug (5 damage)
             ... with a slug dart
             ... on level 1 of the Dungeon.
             The game lasted 00:01:45 (171 turns).

EnegeticOcto the Firebug (Tengu Fire Elementalist)   Turns: 171, Time: 00:01:45

Health: -2/10      AC:  4    Str:  8    XL:     1   Next: 80%
Magic:  0/4        EV: 12    Int: 15    God:
Gold:   13         SH:  0    Dex: 14    Spells: 3/4 levels left

rFire    . . .     SeeInvis .   (no weapon)
rCold    . . .     Gourm    .   (no shield)
rNeg     . . .     Faith    .   a - +0 robe
rPois    .         Spirit   .   (helmet restricted)
rElec    .         Reflect  .   (no cloak)
rCorr    .         Harm     .   (no gloves)
MR       .....                  (boots unavailable)
Stlth    ++........             (no amulet)
HPRegen  0.03/turn              (no ring)
MPRegen  0.09/turn              (no ring)

@: no status effects
A: beak, talons 3, thin metallic scales 1, wild magic 1
a: no special abilities


You were on level 1 of the Dungeon.
You were not hungry.

You visited 1 branch of the dungeon, and saw 1 of its levels.

You collected 13 gold pieces.

Inventory:

Armour
 a - a +0 robe (worn)
Scrolls
 c - a scroll of teleportation {unknown}
Comestibles
 e - a ration


   Skills:
 - Level 2.1 Dodging
 - Level 2.0 Stealth
 - Level 2.0 Spellcasting
 + Level 2.4 Conjurations
 - Level 3.2 Fire Magic


You had 3 spell levels left.
You knew the following spells:

 Your Spells              Type           Power        Failure   Level  Hunger
b - Foxfire               Conj/Fire      ##..         11%         1    #......

Your spell library contained the following spells:

 Spells                   Type           Power        Failure   Level  Hunger
 Conjure Flame            Conj/Fire      ##......     28%         3    ###....
 Inner Flame              Hex/Fire       #.......     43%         3    ###....
 Sticky Flame             Conj/Fire      ##......     65%         4    #####..
 Fireball                 Conj/Fire      ##........   92%         5    ######.


Dungeon Overview and Level Annotations

Branches:
Dungeon (1/15)

Altars:


Innate Abilities, Weirdness & Mutations

You have a beak for a mouth.
You have claws for feet.
You are partially covered in thin metallic scales. (AC +2)
Your spells are a little harder to cast, but a little more powerful.


Message History

You kill the rat!
You start resting.
Your foxfire dissipates!
You start resting.
Magic restored.
c - a scroll labeled COUVAH CIWO
Things that are here:
a +0 club; a +0 scale mail A kobold comes into view.
It is wielding a +0 short sword.
The kobold moves out of view.
A hobgoblin comes into view.
The hobgoblin shouts!
The kobold shouts!
Found a glowing spear.
A kobold comes into view.
A dart slug comes into view.
Casting: Foxfire (safe; 8% risk of failure)
Confirm with . or Enter, or press ? or * to list all spells.
You conjure some foxfire!
The foxfire hits the kobold but does no damage.
The foxfire hits the hobgoblin.
The hobgoblin is lightly wounded.
Things that are here:
a +0 club; a +0 scale mail
Casting: Foxfire (safe; 8% risk of failure)
Confirm with . or Enter, or press ? or * to list all spells.
You conjure some foxfire!
The foxfire hits the kobold.
The kobold is severely wounded.
The foxfire hits the kobold.
You kill the kobold!
Your Conjurations skill increases to level 2!
Casting: Foxfire (safe; 8% risk of failure)
Confirm with . or Enter, or press ? or * to list all spells.
You miscast Foxfire.
You are very lightly contaminated with residual magic.
Heat runs through your body.
Casting: Foxfire (safe; 8% risk of failure)
Confirm with . or Enter, or press ? or * to list all spells.
You conjure some foxfire!
The foxfire hits the hobgoblin.
The hobgoblin is lightly wounded.
The foxfire hits the hobgoblin.
You kill the hobgoblin!
Casting: Foxfire (safe; 7% risk of failure)
Confirm with . or Enter, or press ? or * to list all spells.
You conjure some foxfire!
The foxfire hits the kobold.
The kobold is moderately wounded.
The foxfire hits the kobold.
The kobold is severely wounded.
The kobold hits you but does no damage.
Casting: Foxfire (safe; 7% risk of failure)
Confirm with . or Enter, or press ? or * to list all spells.
You conjure some foxfire!
The kobold misses you.
The foxfire hits the kobold.
The kobold is severely wounded.
The kobold closely misses you.
Your magical contamination has completely faded away.
Casting: Foxfire (safe; 7% risk of failure)
Confirm with . or Enter, or press ? or * to list all spells.
You conjure some foxfire!
The kobold hits you.
The foxfire hits the kobold.
The kobold is severely wounded.
The foxfire hits the kobold.
You kill the kobold!
The dart slug closely misses you. The dart slug barely misses you.
Casting: Foxfire (safe; 7% risk of failure)
Confirm with . or Enter, or press ? or * to list all spells.
You conjure some foxfire!
The dart slug bites you but does no damage.
You hit the dart slug but do no damage.
The foxfire hits the dart slug.
The dart slug is moderately wounded.
The foxfire hits the dart slug.
The dart slug is moderately wounded.
You hit the dart slug but do no damage.
The dart slug is moderately wounded.
The dart slug bites you.
* * * LOW HITPOINT WARNING * * *
It was a potion of mutation.
You feel extremely strange.
You feel less in control of your magic.
Thin metallic scales grow over part of your body.
The dart slug closely misses you.
You hit the dart slug.
The dart slug is heavily wounded.
You hit the dart slug.
The dart slug is severely wounded.
The dart slug bites you.
* * * LOW HITPOINT WARNING * * *
You hit the dart slug but do no damage. Your peck misses the dart slug.
The dart slug is severely wounded.
The dart slug closely misses you.
You hit the dart slug.
The dart slug is severely wounded.
Casting: Foxfire (safe; 11% risk of failure)
Confirm with . or Enter, or press ? or * to list all spells.
You conjure some foxfire!
The dart slug launches a dart at you. The slug dart hits you.
Ouch! That really hurt!
You die...

###........
#..........
#.#########
#.# #.# #.#
#.#
######v#####
#....w@....#
#.####v###.#
#.###...##.##
#.##..8).#..#
#.#...?...#.#
#.?.........#
#.....8.....#
##....<....##
#.8.....8.#


You could see a dart slug.

Vanquished Creatures
  A goblin (D:1)
  A hobgoblin (D:1)
  2 kobolds (D:1)
  A rat (D:1)
5 creatures vanquished.

Vanquished Creatures (others)
  21 foxfires (D:1)
21 creatures vanquished.

Grand Total: 26 creatures vanquished

Notes
Turn   | Place    | Note
-------+----------+-------------------------------------------
     0 | D:1      | EnegeticOcto the Tengu Fire Elementalist began the quest
                  | for the Orb.
     0 | D:1      | Reached XP level 1. HP: 10/10 MP: 4/4
   166 | D:1      | Gained mutation: Your spells are a little harder to cast,
                  | but a little more powerful. [potion of mutation]
   166 | D:1      | Gained mutation: You are partially covered in thin metallic
                  | scales. (AC +2) [potion of mutation]
   171 | D:1      | Killed from afar by a dart slug

Levels and vault maps discovered:
D:1:      grunt_arrival_lava_bath, layout_basic

Skill      XL: |  1 |
---------------+----+-----
Conjurations   | 2 |  2.4
Dodging        | |  2.1
Stealth        | |  2.0
Spellcasting   | |  2.0
Fire Magic     | |  3.2

Action                   || total
-------------------------++-------
Melee: Unarmed           ||     6
 Cast: Foxfire           ||    13
  Use: Potion            ||     1
Armor: Robe              ||     2
Dodge: Dodged            ||     6

Table legend:
 A = Non-vault XP
 B = Vault XP
 C = Vault XP percentage of total XP
 D = Non-vault monster count
 E = Vault monster count
 F = Vault count percentage of total count
                 A         B        C        D         E       F
            +---------+---------+-------+---------+---------+-------
      Total |       8 |       0 |   0.0 |       5 |       0 |   0.0
            +---------+---------+-------+---------+---------+-------
        D:1 |       8 |       0 |   0.0 |       5 |       0 |   0.0
            +---------+---------+-------+---------+---------+-------
